 Dungeon Crawl Stone Soup version 0.32-a0-685-g93135e86f0 (webtiles) character file.

Game seed: 9593709710730581405

97 seren the Ruffian (level 4, -8/29 HPs)
             Began as an Octopode Shapeshifter on Mar 12, 2024.
             Killed by nerve-wracking pain
             ... invoked by an orc priest
              (14 damage)
             ... on level 3 of the Dungeon.
             The game lasted 00:02:55 (1553 turns).

seren the Ruffian (Octopode Shapeshifter)           Turns: 1553, Time: 00:02:56

Health: -8/29      AC:  1    Str: 15    XL:     4   Next: 68%
Magic:  4/4        EV: 13    Int: 12    God:
Gold:   108        SH:  0    Dex: 11    Spells: 3/3 levels left

rFire   . .          .
                       - Unarmed
rCold   . . .        (no shield)
rNeg    . . .        (helmet currently unavailable)
rPois   .            (no amulet)
rElec   .            h - ring of resist corrosion
rCorr   +            (no ring)
SInv    .            (no ring)
Will    .....        (no ring)
Stlth   +++          (no ring)
HPRegen 0.24/turn    (no ring)
MPRegen 0.09/turn    (no ring)
                     (no ring)

%: no passive effects
@: beast-form
A: beast (slay +1), almost no armour, amphibious, 8 rings, camouflage 1,
gelatinous body 1, (nimble swimmer 1), tentacles
a: Begin Untransformation, Convert to Beogh


You were on level 3 of the Dungeon.
You were a hulking beast.
You visited 1 branch of the dungeon, and saw 3 of its levels.

You collected 108 gold pieces.

Inventory:

Missiles
 f - 2 poisoned darts (quivered)
 i - 2 boomerangs
 j - 36 stones
Jewellery
 h - a ring of resist corrosion (left tentacle)
Talismans
 b - a beast talisman (active)
 c - a flux talisman
Scrolls
 d - 4 scrolls of identify {unknown}
 e - 3 scrolls of enchant weapon {unknown}
 l - a scroll of teleportation {unknown}
 m - a scroll of immolation {unknown}
Potions
 a - 2 potions of lignification
 g - 2 potions of attraction {unknown}
 k - 2 potions of resistance {unknown}
 n - a potion of ambrosia {unknown}


   Skills:
 + Level 2.0 Fighting
 + Level 2.5 Dodging
 + Level 2.1 Stealth
 * Level 3.9 Unarmed Combat
 + Level 3.3 Shapeshifting


You had 3 spell levels left.
You didn't know any spells.
Your spell library was empty.

Dungeon Overview and Level Annotations

Branches:
Dungeon (3/15)

Altars:


Innate Abilities, Weirdness & Mutations

You are a hulking beast.
Your limbs bulge with bestial killing power. (Slay +1)
You cannot wear most types of armour.
You are amphibious.
You can wear up to eight rings at the same time.
Your skin changes colour to match your surroundings (Stealth+).
Your rubbery body absorbs attacks. (AC +1, EV +1)
((You are camouflaged when in or above water. (Stealth+)))
You have tentacles for arms and can constrict up to eight enemies at once.


Message History

You tentacle-slap the orc. You grab the orc.
The orc is heavily wounded.
You constrict the orc.
You kill the orc!
You tentacle-slap the orc. Your grab misses the orc.
The orc is heavily wounded.
You barely miss the orc. You grab the orc. You squeeze the orc.
You kill the orc!
You bludgeon the orc! Your grab misses the orc. You squeeze the orc.
You kill the orc!
The orc priest looks encouraged for a moment.
Items here: ))) [ †.
You closely miss the orc priest. Your grab misses the orc priest.
The orc priest closely misses you.
You barely miss the orc priest.
The orc priest shouts, "Surrender to Beogh and we'll let you live!"
You grab the orc priest.
You tentacle-slap the orc priest, but do no damage.
You constrict the orc priest. The orc priest hits you with a +0 club.
* * * LOW HITPOINT WARNING * * *
You tentacle-slap the orc priest but do no damage.
The orc priest shouts, "Surrender to Beogh and we'll let you live!"
You squeeze the orc priest, but do no damage.
The orc priest is lightly wounded.
You constrict the orc priest. The orc priest hits you with a +0 club.
* * * LOW HITPOINT WARNING * * *
You tentacle-slap the orc priest but do no damage.
The orc priest is moderately wounded.
You constrict the orc priest. The orc priest hits you with a +0 club.
* * * LOW HITPOINT WARNING * * *
You tentacle-slap the orc priest.
The orc priest is heavily wounded.
You constrict the orc priest. The orc priest barely misses you.
You tentacle-slap the orc priest but do no damage.
You squeeze the orc priest, but do no damage.
The orc priest is severely wounded.
You constrict the orc priest.
The orc priest invokes the aid of Beogh against you.
Pain shoots through your body!
You die...

.....#########
#............# ###
#.##.#######.####..
...............##.#
#.##.#######.####.#
#.##.# #.# #)# #.##.# #.#
#.#
#.##.#######.####o######
>...............h........
..##.####.##.####.#####..
..##.# #.##.# #.#
.....####.##.# #?#
..##.#....##.# #..
..........##.# #..
..##.#.......####...
.....#...###...# ...
.....+.........+ .


You could see an orc priest.

Vanquished Creatures
  An orc wizard (D:3)
  2 adders (D:2)
  4 dart slugs
  3 orcs (D:3)
  5 bats
  4 endoplasms
  3 giant cockroaches
  4 goblins
  5 hobgoblins (D:1)
  2 ball pythons
  A frilled lizard (D:2)
  6 kobolds (D:1)
  3 rats
43 creatures vanquished.

Notes
Turn   | Place    | Note
-------+----------+-------------------------------------------
     0 | D:1      | seren the Octopode Shapeshifter began the quest for the
                  | Orb.
     0 | D:1      | Reached XP level 1. HP: 13/13 MP: 1/1
    48 | D:1      | Reached XP level 2. HP: 18/18 MP: 2/2
   175 | D:1      | Reached skill level 1 in Stealth
   404 | D:1      | Reached XP level 3. HP: 23/23 MP: 3/3
  1099 | D:2      | Reached XP level 4. HP: 29/29 MP: 4/4
  1553 | D:3      | Killed from afar by an orc priest

Illustrated notes

Levels and vault maps discovered:
D:1:      minmay_arrival_five_plusses, layout_basic, grunt_decor_junction
D:2:      layout_loops_ring
D:3:      layout_basic, serial_shops, nicolae_shop_advertising_works
          [nicolae_subvault_shop_adworks], uniq_grinder

Skill      XL: |  1  2  3  4 |
---------------+-------------+-----
Stealth        | 1 2 |  2.1
Fighting       | 2 |  2.0
Dodging        | |  2.5
Unarmed Combat | |  3.9
Shapeshifting  | |  3.3

Action                     |  1- 3 |  4- 6 || total
---------------------------+-------+-------++-------
  Melee: Unarmed           |    42 |    28 ||    70
         Constrict         |    16 |     7 ||    23
         Tentacles         |    11 |     8 ||    19
         Punch             |     1 |     1 ||     2
   Stab: Sleeping          |    14 |     2 ||    16
 Armour: Skin              |     9 |    10 ||    19
  Dodge: Dodged            |    20 |    12 ||    32

Table legend: (Time is in decaauts)
 A = Elapsed time spent in this place.
 B = Non-inter-level travel time spent in this place.
 C = Inter-level travel time spent in this place.
 D = Time resting spent in this place.
 E = Time spent auto-exploring this place.
 F = Levels seen in this place.
 G = Mean time per level.
                   A        B        C        D        E       F      G
               +--------+--------+--------+--------+--------+-----+--------+
         Total |   1547 |   1511 |     36 |     30 |   1141 |   3 |  515.7 |
       Dungeon |   1547 |   1511 |     36 |     30 |   1141 |   3 |  515.7 |
               +--------+--------+--------+--------+--------+-----+--------+

Top non-repeatable levels by time:
     D:2: 681 daAuts
     D:1: 602 daAuts
     D:3: 264 daAuts
